 Dungeon Crawl Stone Soup version 0.19-b1-4-gd8a0a2a (webtiles) character file.

13604 nikopol the Cleaver (level 12, 0/106 HPs)
             Began as a Hill Orc Berserker on Oct 30, 2016.
             Was a High Priest of Trog.
             Slain by a 13-headed hydra (6 damage)
             ... on level 1 of the Lair of Beasts.
             The game lasted 00:46:47 (16073 turns).

nikopol the Cleaver (Hill Orc Berserker)           Turns: 16073, Time: 00:46:48

Health: 0/106      AC: 17    Str: 26    XL:     12   Next: 7%
Magic:  12/12      EV: 12    Int: 11    God:    Trog [*****.]
Gold:   29         SH:  0    Dex: 13    Spells: 0 memorised, 11 levels left

rFire  . . .     SeeInvis .     a - +1 war axe
rCold  . . .     Gourm    .     N - +0 chain mail "Itinnele" {Int+4} (curse)
rNeg   . . .     Faith    .     (no shield)
rPois  +         Spirit   .     b - +0 helmet
rElec  +         Reflect  .     A - +2 cloak
rCorr  .         Harm     .     x - +0 pair of gloves
MR     .....                    (no boots)
Stlth  ..........               (no amulet)
                                f - ring of Ydghuafo {rElec Str+4 Slay+3 Stlth-}
                                I - ring of poison resistance

@: exhausted, slowed, very slow
A: no striking features
a: Berserk, Trog's Hand, Brothers in Arms, Burn Spellbooks, Renounce Religion


You were on level 1 of the Lair of Beasts.
You worshipped Trog.
Trog was extremely pleased with you.
You were hungry.

You visited 2 branches of the dungeon, and saw 11 of its levels.
You also visited: Sewer.

You collected 581 gold pieces.
You spent 552 gold pieces at shops.

Inventory:

Hand Weapons
 a - a +1 war axe (weapon)
 z - a +4 shortbow of flaming
 E - a +2 antimagic battleaxe
Missiles
 u - 189 arrows (quivered)
Armour
 b - a +0 helmet (worn)
 d - a +1 scale mail
 x - a +0 pair of gloves (worn)
 A - a +2 cloak (worn)
 N - the cursed +0 chain mail "Itinnele" (worn) {Int+4}
   (You found it on level 8 of the Dungeon)

   It affects your intelligence (+4).
   It has a curse placed upon it.
Jewellery
 f - the ring of Ydghuafo (right hand) {rElec Str+4 Slay+3 Stlth-}
   (You bought it in a shop on level 6 of the Dungeon)

   [ring of loudness]

   It affects your strength (+4).
   It affects your accuracy and damage with ranged weapons and melee attacks
   (+3).
   It insulates you from electricity.
   It makes you less stealthy.
 l - a +5 ring of dexterity
 r - an uncursed ring of protection from cold
 y - an uncursed ring of positive energy
 I - a ring of poison resistance (left hand)
Wands
 h - a wand of digging (10/24)
Scrolls
 n - 3 scrolls of fear
 o - a scroll of summoning {unknown}
 p - 6 scrolls of identify
 q - 2 scrolls of enchant weapon
 B - a scroll of random uselessness {unknown}
 D - 4 scrolls of remove curse
 F - a scroll of fog {unknown}
Potions
 e - 2 potions of might {unknown}
 g - 3 potions of curing
 i - a potion of ambrosia {unknown}
 j - a potion of heal wounds {unknown}
 k - 2 potions of haste {unknown}
 t - 2 potions of berserk rage {unknown}
 v - 3 potions of magic {unknown}
 C - 2 potions of flight {unknown}
 G - a potion of lignification {unknown}
 L - a potion of mutation {unknown}
 M - a potion of brilliance {unknown}
 O - a potion of agility {unknown}
Comestibles
 c - 7 bread rations
 m - 2 chunks of flesh
 w - 6 fruits
 H - 9 royal jellies
 K - 3 beef jerkies


   Skills:
 + Level 10.3 Fighting
 * Level 13.5 Axes
 * Level 7.9 Bows
 + Level 9.3 Armour
 + Level 6.3 Dodging


You had 11 spell levels left.
You didn't know any spells.

Dungeon Overview and Level Annotations

Branches:
Dungeon (10/15)            Temple (0/1) D:6            Lair (1/6) D:10
    Orc (0/2) D:9

Altars:
Cheibriados
Elyvilon
Okawaru
Ru
Uskayaw
Xom
Zin

Shops:
D:6 =   D:8 *!(


Message History

The 13-headed hydra bites you but does no damage. x4
The 13-headed hydra bites you.
* * * LOW HITPOINT WARNING * * *
The 13-headed hydra bites you but does no damage.
The 13-headed hydra completely misses you.
The 13-headed hydra misses you. The 13-headed hydra closely misses you.
The 13-headed hydra bites you.
* * * LOW HITPOINT WARNING * * *
The 13-headed hydra barely misses you.
You feel a strong urge to attack something.
You are no longer berserk.
You are exhausted.
You feel yourself slow down.
Okay, then.
Okay, then.
The 13-headed hydra bites you but does no damage. x2
The 13-headed hydra bites you.
* * * LOW HITPOINT WARNING * * *
The 13-headed hydra bites you.
You die...

.... ### .... #.. #..######..# #
....... ..# .# #.#.P###.###.#
#...........##
#####(...........###
#...((#..#PD#.......
..((###..#...@...## .##
#....#.###...# #### #......#
#...##### .
....#####...#.###.......######..
...?..............<.###.........
#.#.../#.#...##.#.)..###........
.......#####.#..#...###..P####.#
#.....รท........ #...####.##
.........#P.##.##......#.####P.#


You could see a 13-headed hydra.

Vanquished Creatures
  Erica (D:8)
  2 hill giants (D:10)
  Pikel (D:9)
  Maurice (D:8)
  Psyche (D:8)
  2 centaur skeletons (D:10)
  A komodo dragon (Lair:1)
  A troll (D:9)
  Prince Ribbit (D:7)
  2 hornets
  2 two-headed ogres
  2 hippogriffs (D:8)
  A wyvern (D:8)
  12 yaks (D:9)
  A hungry ghost (D:9)
  A basilisk (Lair:1)
  Grum (D:9)
  Duvessa (D:7)
  A water moccasin (D:10)
  2 soldier ants (D:10)
  2 porcupines (Lair:1)
  A slave (D:9)
  4 ice beasts
  2 sky beasts
  A black bear (D:8)
  2 orc warriors
  A phantom (D:8)
  6 ogres
  8 centaurs
  4 wolves (D:9)
  A big kobold (D:7)
  Blork the orc (D:4)
  2 wyvern zombies
  7 bullfrogs
  Dowan (D:7)
  A gnoll sergeant (D:6)
  A water moccasin zombie (D:5)
  4 scorpions
  4 killer bees (D:9)
  6 wights
  3 howler monkeys
  3 crimson imps
  A centaur zombie (D:8)
  5 hounds
  3 jellies
  3 orc priests (D:7)
  15 orc wizards
  Crazy Yiuf (D:7)
  2 bullfrog skeletons
  5 iguanas
  11 worker ants
  A killer bee zombie (D:5)
  A hound zombie (D:6)
  11 gnolls
  A howler monkey skeleton (D:4)
  7 adders
  2 oozes
  2 adder skeletons (D:5)
  An adder zombie (D:8)
  5 worms
  4 dart slugs
  4 leopard geckos
  45 orcs
  6 ball pythons
  8 giant cockroaches
  8 goblins
  6 hobgoblins
  16 jackals
  4 quokkas
  7 bats
  7 frilled lizards
  23 kobolds
  2 leopard gecko skeletons
  A quokka skeleton (D:5)
  7 rats
  7 plants
334 creatures vanquished.

Notes
Turn   | Place    | Note
-------+----------+-------------------------------------------
     0 | D:1      | nikopol the Hill Orc Berserker began the quest for the Orb.
     0 | D:1      | Reached XP level 1. HP: 19/19 MP: 1/1
   245 | D:1      | Reached XP level 2. HP: 14/27 MP: 2/2
   865 | D:1      | Reached XP level 3. HP: 28/33 MP: 3/3
  1079 | D:1      | Reached ** piety under Trog
  1375 | D:2      | Reached XP level 4. HP: 41/41 MP: 4/4
  1904 | D:2      | Reached skill level 5 in Axes
  2018 | D:3      | Reached *** piety under Trog
  2018 | D:3      | Reached XP level 5. HP: 35/47 MP: 5/5
  2204 | D:3      | Found a snail-covered altar of Cheibriados.
  2420 | D:3      | Reached skill level 5 in Fighting
  2730 | D:3      | Found a hide-covered altar of Uskayaw.
  2733 | D:3      | Found a sacrificial altar of Ru.
  2735 | D:3      | Found an iron altar of Okawaru.
  3601 | D:3      | Reached XP level 6. HP: 54/56 MP: 6/6
  3654 | D:4      | Noticed Blork the orc
  3948 | D:4      | Killed Blork the orc
  4061 | D:4      | Reached skill level 6 in Axes
  4167 | D:4      | Reached XP level 7. HP: 50/62 MP: 7/7
  5284 | D:4      | Reached skill level 5 in Armour
  5459 | D:4      | Reached **** piety under Trog
  5481 | D:4      | Received a gift from Trog
  5499 | D:4      | Reached XP level 8. HP: 65/71 MP: 8/8
  5787 | D:5      | Entered Level 5 of the Dungeon
  5801 | D:5      | Reached skill level 7 in Axes
  5879 | D:5      | Found a glowing drain.
  5895 | Sewer    | Entered a sewer
  7484 | D:5      | Found a shimmering altar of Xom.
  7665 | D:6      | Found Pepnistrant's Jewellery Boutique.
  7740 | D:6      | Reached skill level 1 in Bows
  7783 | D:6      | Reached skill level 8 in Axes
  8179 | D:6      | Found a staircase to the Ecumenical Temple.
  8380 | D:6      | Reached XP level 9. HP: 78/79 MP: 9/9
  8489 | D:7      | Found a glowing silver altar of Zin.
  8545 | D:7      | Found a white marble altar of Elyvilon.
  8692 | D:7      | Found a runed door.
  8699 | D:7      | Noticed Crazy Yiuf
  8703 | D:7      | Killed Crazy Yiuf
  8835 | D:7      | Reached skill level 9 in Axes
  8967 | D:7      | Noticed Prince Ribbit
  9012 | D:7      | Killed Prince Ribbit
  9183 | D:7      | Noticed a hornet
  9187 | D:7      | Paralysed by a hornet for 1 turns
  9192 | D:7      | Paralysed by a hornet for 3 turns
  9198 | D:7      | Killed a hornet
  9389 | D:7      | Noticed Duvessa
  9398 | D:7      | Killed Duvessa
  9416 | D:7      | Noticed Dowan
  9423 | D:7      | Killed Dowan
  9496 | D:7      | Reached ***** piety under Trog
  9753 | D:7      | Received a gift from Trog
  9799 | D:7      | Reached skill level 10 in Axes
  9926 | D:7      | Reached skill level 5 in Dodging
 10129 | D:8      | Reached XP level 10. HP: 81/90 MP: 10/10
 10227 | D:8      | Found Feneil's Antique Weapon Shoppe.
 10227 | D:8      | Noticed Psyche
 10230 | D:8      | Noticed Maurice
 10242 | D:8      | Killed Psyche
 10406 | D:8      | Reached skill level 5 in Bows
 10740 | D:8      | Killed Maurice
 10768 | D:8      | Reached skill level 11 in Axes
 11029 | D:8      | Received a gift from Trog
 11081 | D:8      | Noticed Erica
 11106 | D:8      | Killed Erica
 11173 | D:8      | Found Fom Esim's Assorted Antiques.
 11177 | D:8      | Got an ancient chain mail
 11188 | D:8      | Identified the cursed +0 chain mail "Itinnele" {Int+4} (You found it on level 8 of the Dungeon)
 11443 | D:8      | Found Kozoq's Distillery.
 11704 | D:9      | Reached XP level 11. HP: 96/97 MP: 11/11
 11808 | D:9      | Noticed Grum
 11825 | D:9      | Killed Grum
 12277 | D:9      | Reached skill level 12 in Axes
 13006 | D:9      | Noticed Pikel
 13016 | D:9      | Killed Pikel
 13101 | D:9      | Found a staircase to the Orcish Mines.
 13207 | D:9      | Received a gift from Trog
 13706 | D:10     | Entered Level 10 of the Dungeon
 14014 | D:10     | Reached skill level 10 in Fighting
 14064 | D:10     | Reached skill level 13 in Axes
 14160 | D:10     | Found a staircase to the Lair.
 14765 | D:10     | Noticed a hill giant
 14780 | D:10     | Killed a hill giant
 15126 | D:10     | Noticed a hill giant
 15140 | D:10     | Killed a hill giant
 15486 | D:10     | Reached XP level 12. HP: 95/106 MP: 12/12
 15679 | D:6      | Bought the ring of Ydghuafo {rElec Str+4 Slay+3 Stlth-} for 552 gold pieces
 15811 | Lair:1   | Entered Level 1 of the Lair of Beasts
 16050 | Lair:1   | Noticed an eight-headed hydra
 16067 | Lair:1   | HP: 7/159 [13-headed hydra (2)]
 16073 | Lair:1   | Slain by a 13-headed hydra

Skill      XL: |  1  2  3  4  5  6  7  8  9 10 11 |
---------------+----------------------------------+-----
Fighting       | 4 5 6 7 8 9 10 | 10.3
Dodging        | 2 3 4 5 6 |  6.3
Armour         | 3 4 5 6 7 8 9 |  9.3
Axes           | 5 6 8 10 11 13 | 13.5
Bows           | 1 4 6 7 |  7.9

Action                   |  1- 3 |  4- 6 |  7- 9 | 10-12 || total
-------------------------+-------+-------+-------+-------++-------
Melee: Hand axe          |   109 |   463 |    71 |       ||   643
       War axe           |       |       |   357 |   368 ||   725
 Fire: Shortbow          |       |       |   133 |   214 ||   347
Invok: Berserk           |     2 |     3 |     2 |     8 ||    15
       Trog's Hand       |       |     1 |       |     1 ||     2
       Burn Spellbooks   |       |       |       |     1 ||     1
  Use: Scroll            |       |       |     9 |       ||     9
  Eat: Chunk             |     4 |    11 |    20 |    18 ||    53
       Beef jerky        |       |     1 |       |       ||     1
       Fruit             |       |       |     3 |     3 ||     6
       Royal jelly       |       |       |       |     1 ||     1
       Meat ration       |       |       |       |     1 ||     1
Armor: Animal skin       |     6 |       |       |       ||     6
       Scale mail        |    42 |   119 |   189 |    83 ||   433
       Chain mail        |       |       |       |   111 ||   111
Dodge: Dodged            |    79 |   168 |   256 |   250 ||   753
